Map: Orbital Shipyard

Players

lesha

  • Race: Terran Terran
  • League: Silver

Arés - Winner!

  • Race: Protoss Protoss
  • League: Silver

VOD

Have the link to the VOD?

Description

Time

  • Played on: Dec. 23, 2015, 8:52 a.m.
  • Length: 9:05
Show
View Real Time Build Order
Export as new Build Order

lesha Terran 

Build Orders: Liberator Opening, Reaper Expand 

Get SALT Encoding   

  12  0:01  SCV  
  13  0:13  SCV  
  14  0:18  Supply Depot  
  14  0:26  SCV  
  15  0:40  SCV  
  15  0:41  Barracks  
  16  0:49  Refinery  
  16  0:52  SCV  
  17  1:07  SCV  
  18  1:19  SCV  
  20  1:37  Orbital Command  
  19  1:41  Reaper  
  20  1:47  Command Center  
  20  2:02  Supply Depot  
  20  2:03  Refinery  
  20  2:04  SCV  
  21  2:16  Factory  
  21  2:17  SCV  
  21  2:22  Marine  
  23  2:29  SCV  
  24  2:41  SCV  
  25  2:53  SCV  
  26  3:03  Orbital Command  
  26  3:05  SCV  
  26  3:15  Starport  
  26  3:26  Barracks  
  26  3:27  Barracks  
  26  3:29  Supply Depot, Marine  
  26  3:30  Supply Depot  
  26  3:31  Factory Reactor  
  27  3:36  Liberator  
  27  3:37  SCV x2  
  29  3:43  Refinery  
  29  3:45  Refinery  
  29  3:47  Marine  
  30  3:49  SCV x2  
  35  4:05  Marine  
  35  4:07  SCV, Barracks  
  35  4:08  SCV  
  38  4:17  Marine  
  38  4:19  SCV  
  38  4:20  SCV  
  41  4:32  SCV  
  41  4:33  SCV  
  43  4:39  Barracks Reactor  
  43  4:43  Supply Depot  
  43  4:44  SCV  
  43  4:45  Supply Depot  
  44  4:49  Marine  
  44  4:50  Engineering Bay, Marine  
  46  4:55  Barracks  
  46  5:06  SCV  
  48  5:07  SCV  
  48  5:09  Barracks Reactor, Engineering Bay  
  49  5:19  SCV x2  
  51  5:28  Barracks Tech Lab  
  50  5:33  SCV x2  
  52  5:40  Marine x2  
  52  5:42  Medivac x2  
  58  5:45  SCV x2  
  58  5:48  Command Center  
  60  5:57  SCV x2, Marine  
  63  6:06  Marine x4  
  67  6:13  Stimpack  
  67  6:15  Marine  
  68  6:24  Marine x2  
  70  6:37  Viking x2  
  74  6:45  Barracks Reactor  
  74  6:48  Marine x2  
  74  6:49  Marine x2  
  74  6:52  Barracks Reactor  
  78  6:59  Marine  
  79  7:08  Missile Turret  
  79  7:17  Marine  
  79  7:18  Marine x4  
  79  7:20  Viking  
  86  7:30  Missile Turret  
  86  7:32  Marine x2  
  86  7:33  Marine x2  
  86  7:35  Marine x3  
  93  7:57  Missile Turret  
  93  8:09  Supply Depot  
  93  8:11  Supply Depot x2  
  93  8:17  Missile Turret  
  93  8:25  Command Center  
  93  8:30  Marine x5  
  93  8:33  Supply Depot  
  91  8:35  Supply Depot  
  91  8:37  Supply Depot  
  91  8:38  Missile Turret  
Show
View Real Time Build Order
Export as new Build Order

Arés Protoss - Winner!

Build Orders:  

Get SALT Encoding   

  12  0:01  Probe (Chrono Boost)  
  13  0:12  Probe (Chrono Boost)  
  14  0:18  Pylon  
  14  0:25  Probe (Chrono Boost)  
  15  0:38  Gateway  
  15  0:41  Assimilator  
  15  0:45  Probe (Chrono Boost)  
  16  0:53  Assimilator  
  16  0:58  Probe (Chrono Boost)  
  17  1:09  Probe (Chrono Boost)  
  18  1:19  Probe (Chrono Boost)  
  21  1:25  Zealot  
  21  1:30  Probe (Chrono Boost)  
  22  1:40  Probe (Chrono Boost)  
  23  1:56  Pylon  
  23  2:04  Nexus  
  23  2:15  Probe (Chrono Boost)  
  24  2:17  Cybernetics Core  
  24  2:25  Probe (Chrono Boost)  
  25  2:36  Probe (Chrono Boost)  
  26  2:38  Gateway  
  26  2:42  Zealot  
  28  2:49  Pylon  
  29  3:13  Mothership Core (Chrono Boost)  
  29  3:29  Stargate  
  29  3:32  Probe (Chrono Boost)  
  31  3:34  Probe (Chrono Boost)  
  31  3:40  Stalker  
  33  3:42  Probe (Chrono Boost)  
  33  3:44  Probe (Chrono Boost)  
  33  3:48  Warp Gate (Chrono Boost)  
  35  3:49  Stalker  
  35  3:53  Probe (Chrono Boost)  
  35  3:55  Probe (Chrono Boost)  
  39  4:01  Probe  
  39  4:02  Gateway  
  39  4:06  Probe  
  41  4:13  Oracle (Chrono Boost)  
  44  4:21  Probe  
  44  4:22  Probe  
  46  4:25  Assimilator  
  46  4:29  Stalker  
  48  4:33  Probe (Chrono Boost)  
  48  4:34  Probe (Chrono Boost)  
  50  4:41  Pylon  
  50  4:45  Probe (Chrono Boost)  
  51  4:50  Zealot  
  53  4:59  Stalker  
  55  5:01  Assimilator  
  55  5:03  Probe (Chrono Boost)  
  56  5:13  Probe (Chrono Boost)  
  57  5:17  Stargate  
  57  5:21  Gateway  
  57  5:24  Probe (Chrono Boost), Gateway  
  58  5:34  Probe (Chrono Boost)  
  53  5:45  Probe (Chrono Boost)  
  52  6:13  Pylon  
  52  6:40  Void Ray  
  52  6:43  Void Ray  
  52  6:45  Forge  
  60  6:47  Forge, Zealot  
  60  6:48  Zealot x4  
  70  7:18  Pylon  
  70  7:19  Pylon  
  70  7:36  Void Ray  
  74  7:43  Photon Cannon  
  74  7:44  Adept  
  74  7:45  Adept x4  
  81  8:16  Nexus  
  81  8:17  Photon Cannon  
  81  8:18  Pylon  
  81  8:19  Photon Cannon  
  82  8:20  Probe (Chrono Boost), Pylon  
  82  8:22  Probe (Chrono Boost)  
  83  8:30  Probe (Chrono Boost)  
  83  8:33  Probe (Chrono Boost)  
  85  8:41  Probe (Chrono Boost)  
  76  8:43  Probe (Chrono Boost)  
  65  8:51  Probe (Chrono Boost)  
  62  8:59  Adept x5  
Tags
 
Add a new tag
Caveats
  • Supply blocks, unpowered buildings, or Contaminate may cause inaccurate times.
  • Supply counts are checked every 10 seconds.